2899 views
Uploaded 2020-02-14 21:44:15
Game version 1.32 / 1.32.1
22:37 long 4on4 ladder game on (8)Sanctuary_LV
Saved by BEARAND
2899 views
Uploaded 2020-02-14 21:44:15
Game version 1.32 / 1.32.1
22:37 long 4on4 ladder game on (8)Sanctuary_LV


190 units @ 24.2k
/ 3k
84 buildings @ 14.1k
/ 6.7k

| Moonstone | 2 | 100 |
| Dust of Appearance | 2 | 150 |
| Scroll of Town Portal | 4 | 1400 |
| total: | 8 | 1650g |
| Wisp | 31 | 1860 | / | 0 |
| Archer | 28 | 3640 | / | 280 |
| Huntress | 1 | 195 | / | 20 |
| Dryad | 2 | 290 | / | 120 |
| total: | 62 | 5985g | / | 420w |
| Ancient Protector | 12 | 1620 | / | 960 |
| Altar of Elders | 1 | 180 | / | 50 |
| Moon Well | 10 | 1800 | / | 400 |
| Ancient of War | 2 | 300 | / | 120 |
| Ancient of Wonders | 1 | 90 | / | 30 |
| Hunter's Hall | 1 | 210 | / | 100 |
| Tree of Life | 1 | 340 | / | 185 |
| Ancient of Lore | 6 | 930 | / | 870 |
| Tree of Ages | 1 | 320 | / | 180 |
| Tree of Eternity | 1 | 330 | / | 200 |
| total: | 34 | 5470g | / | 2715w |
| 0:03 | Wisp |
| 0:03 | Wisp |
| 0:07 | Altar of Elders |
| 0:18 | Moon Well |
| 0:23 | Wisp |
| 0:32 | Ancient of War |
| 0:34 | Wisp |
| 0:46 | Wisp |
| 0:48 | Wisp |
| 1:17 | Wisp |
| 1:25 | Wisp |
| 1:33 | Archer |
| 1:35 | Moon Well |
| 1:37 | Moon Well |
| 1:43 | Archer |
| 1:50 | Ancient of Wonders |
| 1:53 | Wisp |
| 2:12 | Searing Arrows |
| 2:29 | Archer |
| 2:30 | Wisp |
| 2:30 | Wisp |
| 2:58 | Moonstone |
| 3:37 | Wisp |
| 3:37 | Wisp |
| 3:40 | Archer |
| 4:19 | Archer |
| 4:19 | Archer |
| 4:22 | Wisp |
| 4:22 | Wisp |
| 4:34 | Ancient of War |
| 4:50 | Tree of Ages |
| 4:53 | Hunter's Hall |
| 5:02 | Dust of Appearance |
| 5:11 | Archer |
| 5:54 | Archer |
| 5:54 | Archer |
| 6:36 | Huntress |
| 6:40 | Archer |
| 6:40 | Archer |
| 6:43 | Moon Well |
| 6:44 | Moon Well |
| 6:52 | Strength of the Moon |
| 7:06 | Moonstone |
| 7:09 | Dust of Appearance |
| 7:22 | Ancient Protector |
| 7:41 | Trueshot Aura |
| 7:44 | Improved Bows |
| 7:45 | Archer |
| 8:06 | Ancient Protector |
| 8:52 | Ancient Protector |
| 8:54 | Ancient Protector |
| 9:02 | Tree of Life |
| 9:06 | Archer |
| 9:24 | Archer |
| 9:28 | Improved Strength of the Moon |
| 9:46 | Ancient Protector |
| 9:59 | Ultravision |
| 10:00 | Archer |
| 10:21 | Wisp |
| 10:21 | Wisp |
| 10:22 | Wisp |
| 11:08 | Scout |
| 11:20 | Archer |
| 11:24 | Wisp |
| 11:24 | Wisp |
| 11:41 | Archer |
| 11:42 | Archer |
| 12:08 | Archer |
| 12:11 | Wisp |
| 12:14 | Ancient Protector |
| 12:42 | Archer |
| 13:13 | Archer |
| 13:15 | Tree of Eternity |
| 13:48 | Archer |
| 13:48 | Archer |
| 14:21 | Moon Well |
| 14:25 | Moon Well |
| 14:26 | Moon Well |
| 14:27 | Moon Well |
| 14:29 | Moon Well |
| 15:15 | Archer |
| 15:16 | Archer |
| 15:17 | Archer |
| 15:42 | Scroll of Town Portal |
| 15:45 | Wisp |
| 15:45 | Wisp |
| 15:45 | Wisp |
| 16:31 | Trueshot Aura |
| 16:53 | Ancient Protector |
| 16:54 | Ancient Protector |
| 16:55 | Ancient Protector |
| 17:57 | Scroll of Town Portal |
| 18:09 | Ancient of Lore |
| 18:12 | Wisp |
| 18:12 | Wisp |
| 18:12 | Wisp |
| 18:13 | Wisp |
| 18:16 | Ancient of Lore |
| 18:17 | Ancient of Lore |
| 18:20 | Ancient of Lore |
| 18:23 | Wisp |
| 18:54 | Ancient of Lore |
| 18:55 | Ancient of Lore |
| 18:56 | Archer |
| 18:57 | Archer |
| 19:30 | Wisp |
| 19:31 | Wisp |
| 19:40 | Scroll of Town Portal |
| 19:51 | Marksmanship |
| 19:53 | Advanced Strength of the Moon |
| 20:24 | Ancient Protector |
| 20:38 | Scroll of Town Portal |
| 20:44 | Ancient Protector |
| 20:45 | Ancient Protector |
| 20:49 | Dryad |
| 20:49 | Dryad |
| 20:53 | Strength of the Wild |
| Right click | 699 |
| Select | 351 |
| Select group | 154 |
| Assign group | 131 |
| Build/train/purchase | 121 |
| Misc. action | 114 |
| Chat | 104 |
| Use ability | 10 |
| Esc | 6 |
| Remove unit | 2 |
| Item give/drop | 1 |



| Lesser Clarity Potion | 1 | 70 |
| Potion of Healing | 6 | 900 |
| Orb of Venom | 2 | 650 |
| Scroll of Town Portal | 1 | 350 |
| Potion of Lesser Invulnerability | 1 | 150 |
| total: | 11 | 2120g |
| Wisp | 33 | 1980 | / | 0 |
| Archer | 5 | 650 | / | 50 |
| Huntress | 2 | 390 | / | 40 |
| Chimaera | 13 | 4290 | / | 910 |
| Druid of the Talon | 2 | 290 | / | 40 |
| total: | 55 | 7600g | / | 1040w |
| Ancient Protector | 1 | 135 | / | 80 |
| Altar of Elders | 1 | 180 | / | 50 |
| Moon Well | 8 | 1440 | / | 320 |
| Ancient of War | 1 | 150 | / | 60 |
| Ancient of Wonders | 1 | 90 | / | 30 |
| Hunter's Hall | 1 | 210 | / | 100 |
| Tree of Life | 2 | 680 | / | 370 |
| Ancient of Wind | 1 | 150 | / | 140 |
| Chimaera Roost | 2 | 280 | / | 380 |
| Tree of Ages | 1 | 320 | / | 180 |
| Tree of Eternity | 1 | 330 | / | 200 |
| total: | 18 | 3315g | / | 1530w |
| 0:04 | Wisp |
| 0:17 | Altar of Elders |
| 0:19 | Wisp |
| 0:22 | Moon Well |
| 0:32 | Wisp |
| 0:35 | Ancient of War |
| 0:47 | Wisp |
| 1:02 | Wisp |
| 1:19 | Wisp |
| 1:31 | Wisp |
| 1:52 | Wisp |
| 1:55 | Moon Well |
| 1:57 | Archer |
| 2:29 | Ancient of Wonders |
| 2:31 | Archer |
| 2:38 | Healing Spray |
| 2:59 | Archer |
| 3:00 | Moon Well |
| 3:20 | Archer |
| 3:24 | Wisp |
| 3:25 | Wisp |
| 3:25 | Wisp |
| 3:27 | Moon Well |
| 3:34 | Lesser Clarity Potion |
| 3:39 | Archer |
| 4:23 | Chemical Rage |
| 4:36 | Hunter's Hall |
| 4:40 | Tree of Ages |
| 6:28 | Huntress |
| 6:45 | Ancient Protector |
| 7:10 | Forked Lightning |
| 7:12 | Tree of Eternity |
| 7:15 | Potion of Healing |
| 7:23 | Moon Well |
| 8:52 | Healing Spray |
| 9:00 | Frost Arrows |
| 9:14 | Tree of Life |
| 9:35 | Wisp |
| 9:35 | Wisp |
| 9:35 | Wisp |
| 9:35 | Wisp |
| 9:39 | Ancient of Wind |
| 9:41 | Chimaera Roost |
| 9:45 | Chimaera Roost |
| 9:47 | Moon Well |
| 10:12 | Strength of the Wild |
| 10:12 | Reinforced Hides |
| 10:13 | Well Spring |
| 10:32 | Potion of Healing |
| 10:59 | Potion of Lesser Invulnerability |
| 11:11 | Corrosive Breath |
| 11:20 | Trueshot Aura |
| 12:09 | Improved Strength of the Wild |
| 12:11 | Chimaera |
| 12:12 | Chimaera |
| 12:18 | Moon Well |
| 12:35 | Orb of Venom |
| 12:44 | Forked Lightning |
| 12:53 | Wisp |
| 12:54 | Wisp |
| 12:54 | Wisp |
| 13:18 | Wisp |
| 13:31 | Chimaera |
| 13:51 | Tree of Life |
| 13:54 | Searing Arrows |
| 14:01 | Chimaera |
| 14:13 | Wisp |
| 14:13 | Wisp |
| 14:19 | Chimaera |
| 14:20 | Chimaera |
| 14:35 | Chemical Rage |
| 15:07 | Moon Well |
| 15:10 | Improved Reinforced Hides |
| 15:10 | Advanced Strength of the Wild |
| 15:22 | Wisp |
| 15:22 | Wisp |
| 15:33 | Potion of Healing |
| 15:51 | Chimaera |
| 16:29 | Chimaera |
| 16:29 | Chimaera |
| 18:06 | Chimaera |
| 18:07 | Chimaera |
| 18:13 | Druid of the Talon |
| 18:18 | Wisp |
| 18:18 | Wisp |
| 18:19 | Wisp |
| 18:24 | Wisp |
| 18:25 | Wisp |
| 18:25 | Wisp |
| 18:25 | Wisp |
| 18:25 | Wisp |
| 18:59 | Huntress |
| 20:12 | Chimaera |
| 20:15 | Druid of the Talon Adept Training |
| 20:15 | Druid of the Talon |
| 20:24 | Orb of Venom |
| 20:24 | Potion of Healing |
| 20:30 | Potion of Healing |
| 20:41 | Wisp |
| 20:43 | Wisp |
| 20:46 | Chimaera |
| 21:03 | Scroll of Town Portal |
| 21:10 | Potion of Healing |
| 22:01 | Searing Arrows |
| Right click | 442 |
| Select | 334 |
| Select group | 254 |
| Chat | 116 |
| Build/train/purchase | 113 |
| Misc. action | 71 |
| Use ability | 53 |
| Assign group | 22 |
| Item give/drop | 7 |
| Remove unit | 6 |
| Minimap ping | 2 |

| Circlet of Nobility | 1 | 175 |
| total: | 1 | 175g |
| Acolyte | 8 | 600 | / | 0 |
| Ghoul | 10 | 1200 | / | 0 |
| Crypt Fiend | 6 | 1290 | / | 240 |
| Gargoyle | 4 | 700 | / | 120 |
| total: | 28 | 3790g | / | 360w |
| Spirit Tower | 2 | 290 | / | 80 |
| Nerubian Tower | 4 | 400 | / | 80 |
| Altar of Darkness | 1 | 180 | / | 50 |
| Ziggurat | 8 | 1200 | / | 400 |
| Crypt | 2 | 400 | / | 100 |
| Graveyard | 1 | 215 | / | 0 |
| Sacrificial Pit | 1 | 75 | / | 150 |
| Halls of the Dead | 1 | 320 | / | 210 |
| Black Citadel | 1 | 325 | / | 230 |
| total: | 13 | 2070g | / | 700w |
| 0:06 | Acolyte |
| 0:06 | Acolyte |
| 0:06 | Acolyte |
| 0:11 | Altar of Darkness |
| 0:24 | Ziggurat |
| 0:55 | Crypt |
| 0:59 | Crypt |
| 1:04 | Ziggurat |
| 1:43 | Ziggurat |
| 2:22 | Ghoul |
| 2:30 | Graveyard |
| 2:37 | Ziggurat |
| 2:40 | Ghoul |
| 2:52 | Frost Nova |
| 3:11 | Ghoul |
| 3:36 | Ghoul |
| 3:48 | Ghoul |
| 4:15 | Crypt Fiend |
| 4:42 | Crypt Fiend |
| 4:55 | Unholy Armor |
| 4:59 | Creature Carapace |
| 5:11 | Ghoul |
| 5:11 | Ghoul |
| 5:34 | Crypt Fiend |
| 5:48 | Crypt Fiend |
| 5:55 | Halls of the Dead |
| 6:01 | Creature Attack |
| 6:22 | Crypt Fiend |
| 7:05 | Ghoul |
| 7:05 | Ghoul |
| 7:06 | Ghoul |
| 7:35 | Frost Armor |
| 7:58 | Crypt Fiend |
| 8:22 | Acolyte |
| 8:22 | Acolyte |
| 8:22 | Acolyte |
| 8:23 | Acolyte |
| 8:23 | Acolyte |
| 8:31 | Ziggurat |
| 8:43 | Gargoyle |
| 8:53 | Improved Creature Attack |
| 9:00 | Ziggurat |
| 9:04 | Spirit Tower |
| 9:19 | Ziggurat |
| 10:44 | Ziggurat |
| 10:46 | Black Citadel |
| 10:49 | Gargoyle |
| 10:49 | Gargoyle |
| 10:49 | Gargoyle |
| 10:52 | Improved Creature Carapace |
| 10:56 | Nerubian Tower |
| 10:58 | Nerubian Tower |
| 10:59 | Nerubian Tower |
| 11:01 | Nerubian Tower |
| 11:17 | Frost Nova |
| 11:19 | Circlet of Nobility |
| 11:43 | Sacrificial Pit |
| 11:48 | Spirit Tower |
| Right click | 188 |
| Select | 99 |
| Build/train/purchase | 47 |
| Use ability | 4 |
| Remove unit | 3 |
| Item give/drop | 2 |



| Wisp | 22 | 1320 | / | 0 |
| Archer | 2 | 260 | / | 20 |
| Huntress | 4 | 780 | / | 80 |
| Dryad | 6 | 870 | / | 360 |
| Chimaera | 11 | 3630 | / | 770 |
| total: | 45 | 6860g | / | 1230w |
| Ancient Protector | 4 | 540 | / | 320 |
| Altar of Elders | 1 | 180 | / | 50 |
| Moon Well | 7 | 1260 | / | 280 |
| Ancient of War | 1 | 150 | / | 60 |
| Hunter's Hall | 1 | 210 | / | 100 |
| Tree of Life | 1 | 340 | / | 185 |
| Ancient of Lore | 1 | 155 | / | 145 |
| Chimaera Roost | 3 | 420 | / | 570 |
| Tree of Ages | 1 | 320 | / | 180 |
| Tree of Eternity | 1 | 330 | / | 200 |
| total: | 19 | 3255g | / | 1710w |
| 0:03 | Wisp |
| 0:03 | Wisp |
| 0:04 | Wisp |
| 0:09 | Altar of Elders |
| 0:18 | Moon Well |
| 0:23 | Wisp |
| 0:34 | Wisp |
| 0:44 | Moon Well |
| 0:58 | Wisp |
| 1:00 | Wisp |
| 1:01 | Wisp |
| 1:24 | Ancient of War |
| 1:30 | Wisp |
| 1:31 | Wisp |
| 1:32 | Wisp |
| 1:32 | Wisp |
| 1:34 | Wisp |
| 2:07 | Wisp |
| 2:11 | Hunter's Hall |
| 2:16 | Searing Arrows |
| 2:25 | Moon Well |
| 2:32 | Archer |
| 2:33 | Wisp |
| 2:50 | Archer |
| 3:50 | Tree of Ages |
| 3:51 | Huntress |
| 3:54 | Huntress |
| 4:04 | Moon Well |
| 4:12 | Huntress |
| 4:38 | Ancient Protector |
| 4:58 | Huntress |
| 5:13 | Ancient Protector |
| 5:50 | Trueshot Aura |
| 6:31 | Moon Well |
| 6:33 | Tree of Eternity |
| 7:07 | Ancient of Lore |
| 7:36 | Force of Nature |
| 8:59 | Entangling Roots |
| 9:13 | Tree of Life |
| 9:18 | Ancient Protector |
| 9:39 | Chimaera Roost |
| 9:43 | Chimaera Roost |
| 9:46 | Wisp |
| 9:47 | Wisp |
| 9:47 | Wisp |
| 9:50 | Wisp |
| 9:50 | Wisp |
| 9:51 | Wisp |
| 9:53 | Abolish Magic |
| 9:53 | Dryad |
| 9:54 | Dryad |
| 9:55 | Dryad |
| 10:55 | Wisp |
| 11:00 | Chimaera Roost |
| 11:05 | Corrosive Breath |
| 11:09 | Chimaera |
| 12:05 | Evasion |
| 12:08 | Searing Arrows |
| 12:34 | Chimaera |
| 13:14 | Ancient Protector |
| 13:24 | Moon Well |
| 14:48 | Chimaera |
| 14:49 | Chimaera |
| 14:50 | Chimaera |
| 15:04 | Moon Well |
| 15:09 | Dryad |
| 16:20 | Chimaera |
| 16:22 | Dryad |
| 16:23 | Dryad |
| 16:25 | Chimaera |
| 16:27 | Chimaera |
| 17:38 | Chimaera |
| 17:39 | Chimaera |
| 17:41 | Chimaera |
| Right click | 365 |
| Select | 222 |
| Build/train/purchase | 65 |
| Select group | 27 |
| Assign group | 20 |
| Use ability | 15 |
| Remove unit | 4 |
| Minimap ping | 2 |
113 units @ 13.1k
/ 1.9k
255 buildings @ 23.9k
/ 14.6k


| Lesser Clarity Potion | 8 | 560 |
| Healing Salve | 5 | 500 |
| Tiny Great Hall | 1 | 600 |
| Orb of Lightning | 2 | 750 |
| Scroll of Speed | 1 | 50 |
| Staff of Teleportation | 2 | 300 |
| Boots of Speed | 2 | 500 |
| total: | 21 | 3260g |
| Peon | 17 | 1275 | / | 0 |
| Troll Batrider | 12 | 1920 | / | 480 |
| Goblin Zeppelin | 1 | 240 | / | 60 |
| Goblin Shredder | 1 | 375 | / | 100 |
| total: | 31 | 3810g | / | 640w |
| Watch Tower | 38 | 4180 | / | 3040 |
| Altar of Storms | 1 | 180 | / | 50 |
| Orc Burrow | 4 | 640 | / | 160 |
| Voodoo Lounge | 1 | 130 | / | 30 |
| War Mill | 1 | 205 | / | 0 |
| Beastiary | 2 | 290 | / | 280 |
| Stronghold | 1 | 315 | / | 190 |
| Fortress | 1 | 325 | / | 190 |
| total: | 47 | 5625g | / | 3560w |
| 0:02 | Peon |
| 0:02 | Peon |
| 0:07 | Altar of Storms |
| 0:10 | Orc Burrow |
| 0:12 | Peon |
| 0:41 | Voodoo Lounge |
| 0:43 | Peon |
| 0:59 | War Mill |
| 1:06 | Peon |
| 1:14 | Peon |
| 1:31 | Peon |
| 1:32 | Peon |
| 1:42 | Orc Burrow |
| 1:46 | Peon |
| 2:03 | Peon |
| 2:07 | Wind Walk |
| 2:09 | Lesser Clarity Potion |
| 2:09 | Lesser Clarity Potion |
| 2:09 | Healing Salve |
| 2:09 | Healing Salve |
| 2:18 | Watch Tower |
| 2:27 | Peon |
| 2:48 | Peon |
| 2:52 | Watch Tower |
| 3:10 | Peon |
| 3:15 | Watch Tower |
| 3:31 | Watch Tower |
| 4:00 | Stronghold |
| 5:07 | Watch Tower |
| 5:07 | Watch Tower |
| 5:08 | Watch Tower |
| 5:10 | Watch Tower |
| 5:52 | Critical Strike |
| 5:53 | Watch Tower |
| 5:54 | Watch Tower |
| 6:19 | Watch Tower |
| 6:21 | Peon |
| 6:22 | Peon |
| 6:43 | Peon |
| 7:16 | Peon |
| 7:28 | Lesser Clarity Potion |
| 7:29 | Lesser Clarity Potion |
| 7:29 | Healing Salve |
| 7:34 | Fortress |
| 8:25 | Reinforced Defenses |
| 8:27 | Beastiary |
| 8:27 | Beastiary |
| 8:46 | Lesser Clarity Potion |
| 8:46 | Lesser Clarity Potion |
| 9:03 | Orc Burrow |
| 9:19 | Watch Tower |
| 9:19 | Watch Tower |
| 9:48 | Hex |
| 9:48 | Lesser Clarity Potion |
| 9:49 | Healing Salve |
| 10:10 | Goblin Zeppelin |
| 10:24 | Troll Batrider |
| 10:25 | Liquid Fire |
| 10:48 | Staff of Teleportation |
| 10:48 | Boots of Speed |
| 11:21 | Wind Walk |
| 11:24 | Goblin Shredder |
| 11:33 | Troll Batrider |
| 12:10 | Watch Tower |
| 12:10 | Watch Tower |
| 12:11 | Watch Tower |
| 12:35 | Watch Tower |
| 12:39 | Watch Tower |
| 12:39 | Watch Tower |
| 12:40 | Watch Tower |
| 12:57 | Healing Wave |
| 13:18 | Watch Tower |
| 13:18 | Watch Tower |
| 13:20 | Watch Tower |
| 13:20 | Watch Tower |
| 13:36 | Troll Batrider |
| 13:51 | Troll Batrider |
| 14:28 | Orc Burrow |
| 15:02 | Boots of Speed |
| 15:37 | Troll Batrider |
| 15:37 | Troll Batrider |
| 15:42 | Hex |
| 16:13 | Troll Batrider |
| 16:17 | Critical Strike |
| 17:30 | Troll Batrider |
| 18:03 | Watch Tower |
| 18:03 | Watch Tower |
| 18:04 | Watch Tower |
| 18:05 | Watch Tower |
| 18:05 | Watch Tower |
| 18:15 | Lesser Clarity Potion |
| 18:18 | Healing Salve |
| 18:22 | Tiny Great Hall |
| 18:23 | Orb of Lightning |
| 18:40 | Watch Tower |
| 18:41 | Watch Tower |
| 18:41 | Watch Tower |
| 18:42 | Watch Tower |
| 18:42 | Watch Tower |
| 19:14 | Troll Batrider |
| 19:14 | Troll Batrider |
| 19:38 | Troll Batrider |
| 19:38 | Troll Batrider |
| 19:59 | Watch Tower |
| 20:00 | Watch Tower |
| 20:00 | Watch Tower |
| 20:01 | Watch Tower |
| 20:28 | Orb of Lightning |
| 20:28 | Scroll of Speed |
| 21:01 | Staff of Teleportation |
| 21:13 | Healing Wave |
| 22:14 | Critical Strike |
| Right click | 1083 |
| Select group | 352 |
| Select | 222 |
| Build/train/purchase | 123 |
| Misc. action | 79 |
| Use ability | 76 |
| Assign group | 32 |
| Item give/drop | 8 |
| Chat | 4 |
| Esc | 3 |
| Remove unit | 2 |
BEARAND
(22:28) : 


| Staff of Sanctuary | 2 | 500 |
| Staff of Teleportation | 3 | 450 |
| Boots of Speed | 4 | 1000 |
| Periapt of Vitality | 2 | 650 |
| Circlet of Nobility | 1 | 175 |
| Healing Salve | 1 | 100 |
| total: | 13 | 2875g |
| Peasant | 18 | 1350 | / | 0 |
| Priest | 1 | 135 | / | 10 |
| Dragonhawk Rider | 2 | 400 | / | 60 |
| Goblin Shredder | 1 | 375 | / | 100 |
| total: | 22 | 2260g | / | 170w |
| Scout Tower | 94 | 2820 | / | 1880 |
| Arcane Tower | 8 | 560 | / | 400 |
| Guard Tower | 41 | 2870 | / | 2050 |
| Altar of Kings | 1 | 180 | / | 50 |
| Farm | 5 | 400 | / | 100 |
| Lumber Mill | 1 | 120 | / | 0 |
| Arcane Vault | 3 | 390 | / | 90 |
| Town Hall | 3 | 1155 | / | 615 |
| Gryphon Aviary | 1 | 140 | / | 150 |
| Arcane Sanctum | 1 | 150 | / | 140 |
| Keep | 1 | 320 | / | 210 |
| Castle | 1 | 360 | / | 210 |
| total: | 109 | 5355g | / | 3025w |
| 0:03 | Peasant |
| 0:03 | Peasant |
| 0:11 | Altar of Kings |
| 0:20 | Farm |
| 0:21 | Peasant |
| 0:39 | Peasant |
| 0:47 | Farm |
| 0:59 | Peasant |
| 1:00 | Peasant |
| 1:05 | Lumber Mill |
| 1:10 | Scout Tower |
| 1:21 | Peasant |
| 1:33 | Scout Tower |
| 1:35 | Peasant |
| 1:40 | Arcane Tower |
| 1:46 | Peasant |
| 1:53 | Scout Tower |
| 2:04 | Arcane Tower |
| 2:06 | Guard Tower |
| 2:13 | Blizzard |
| 2:25 | Scout Tower |
| 2:25 | Scout Tower |
| 2:26 | Peasant |
| 2:26 | Peasant |
| 2:26 | Peasant |
| 2:41 | Guard Tower |
| 2:42 | Peasant |
| 2:43 | Peasant |
| 2:44 | Scout Tower |
| 2:45 | Scout Tower |
| 3:07 | Guard Tower |
| 3:54 | Guard Tower |
| 3:55 | Keep |
| 4:04 | Healing Salve |
| 4:20 | Arcane Vault |
| 4:20 | Improved Masonry |
| 4:24 | Farm |
| 4:30 | Guard Tower |
| 4:59 | Brilliance Aura |
| 5:55 | Brilliance Aura |
| 6:01 | Town Hall |
| 6:05 | Scout Tower |
| 6:06 | Scout Tower |
| 6:06 | Scout Tower |
| 6:06 | Scout Tower |
| 6:07 | Scout Tower |
| 6:07 | Scout Tower |
| 6:08 | Scout Tower |
| 6:08 | Scout Tower |
| 6:08 | Scout Tower |
| 6:09 | Scout Tower |
| 6:09 | Scout Tower |
| 6:09 | Scout Tower |
| 6:10 | Scout Tower |
| 6:50 | Arcane Tower |
| 6:59 | Scout Tower |
| 7:01 | Guard Tower |
| 7:07 | Staff of Teleportation |
| 7:07 | Boots of Speed |
| 7:23 | Scout Tower |
| 7:23 | Scout Tower |
| 7:24 | Scout Tower |
| 7:31 | Storm Bolt |
| 7:43 | Scout Tower |
| 7:43 | Scout Tower |
| 7:43 | Scout Tower |
| 7:44 | Scout Tower |
| 7:44 | Scout Tower |
| 7:44 | Scout Tower |
| 7:54 | Guard Tower |
| 7:56 | Gryphon Aviary |
| 7:57 | Advanced Masonry |
| 8:05 | Arcane Sanctum |
| 8:17 | Guard Tower |
| 8:21 | Peasant |
| 8:21 | Peasant |
| 8:25 | Peasant |
| 8:25 | Peasant |
| 8:41 | Goblin Shredder |
| 8:50 | Guard Tower |
| 9:15 | Guard Tower |
| 9:32 | Guard Tower |
| 9:45 | Guard Tower |
| 9:47 | Scout Tower |
| 9:47 | Scout Tower |
| 9:47 | Scout Tower |
| 9:48 | Scout Tower |
| 9:48 | Scout Tower |
| 9:49 | Scout Tower |
| 9:50 | Scout Tower |
| 9:51 | Scout Tower |
| 10:00 | Magic Sentry |
| 10:00 | Priest |
| 10:02 | Dragonhawk Rider |
| 10:05 | Dragonhawk Rider |
| 10:19 | Guard Tower |
| 10:21 | Guard Tower |
| 10:22 | Imbued Masonry |
| 10:25 | Scout Tower |
| 10:26 | Scout Tower |
| 10:26 | Scout Tower |
| 10:27 | Scout Tower |
| 10:27 | Scout Tower |
| 10:28 | Scout Tower |
| 10:28 | Scout Tower |
| 10:29 | Scout Tower |
| 11:05 | Arcane Vault |
| 11:10 | Farm |
| 11:11 | Farm |
| 11:12 | Castle |
| 11:29 | Guard Tower |
| 11:32 | Scout Tower |
| 11:33 | Scout Tower |
| 11:34 | Scout Tower |
| 11:34 | Scout Tower |
| 11:35 | Scout Tower |
| 11:35 | Scout Tower |
| 11:35 | Scout Tower |
| 11:36 | Scout Tower |
| 11:37 | Scout Tower |
| 11:37 | Scout Tower |
| 11:38 | Scout Tower |
| 11:39 | Scout Tower |
| 11:40 | Scout Tower |
| 12:11 | Guard Tower |
| 12:15 | Arcane Tower |
| 12:15 | Guard Tower |
| 12:16 | Guard Tower |
| 12:18 | Bash |
| 12:43 | Arcane Vault |
| 13:16 | Guard Tower |
| 13:17 | Arcane Tower |
| 13:21 | Guard Tower |
| 13:24 | Scout Tower |
| 13:25 | Scout Tower |
| 13:25 | Scout Tower |
| 13:25 | Scout Tower |
| 13:26 | Scout Tower |
| 13:27 | Scout Tower |
| 13:27 | Scout Tower |
| 13:27 | Scout Tower |
| 13:29 | Guard Tower |
| 13:30 | Arcane Tower |
| 14:20 | Staff of Teleportation |
| 14:20 | Boots of Speed |
| 14:57 | Blizzard |
| 15:18 | Guard Tower |
| 15:19 | Guard Tower |
| 15:20 | Guard Tower |
| 15:22 | Holy Light |
| 15:30 | Staff of Sanctuary |
| 15:41 | Scout Tower |
| 15:43 | Scout Tower |
| 15:44 | Scout Tower |
| 15:45 | Scout Tower |
| 15:46 | Guard Tower |
| 15:48 | Scout Tower |
| 15:49 | Scout Tower |
| 15:49 | Scout Tower |
| 15:50 | Scout Tower |
| 15:50 | Scout Tower |
| 15:50 | Scout Tower |
| 16:02 | Staff of Sanctuary |
| 16:24 | Boots of Speed |
| 16:26 | Periapt of Vitality |
| 16:27 | Circlet of Nobility |
| 16:46 | Storm Bolt |
| 16:48 | Guard Tower |
| 17:32 | Divine Shield |
| 17:58 | Guard Tower |
| 18:00 | Town Hall |
| 18:07 | Scout Tower |
| 18:08 | Scout Tower |
| 18:08 | Scout Tower |
| 18:09 | Scout Tower |
| 18:09 | Scout Tower |
| 18:10 | Scout Tower |
| 18:10 | Scout Tower |
| 18:10 | Scout Tower |
| 18:11 | Scout Tower |
| 18:11 | Scout Tower |
| 18:13 | Guard Tower |
| 18:14 | Town Hall |
| 18:21 | Arcane Tower |
| 20:22 | Guard Tower |
| 20:38 | Guard Tower |
| 20:39 | Scout Tower |
| 20:39 | Scout Tower |
| 20:39 | Scout Tower |
| 20:40 | Scout Tower |
| 20:40 | Scout Tower |
| 20:40 | Scout Tower |
| 20:41 | Scout Tower |
| 20:52 | Staff of Teleportation |
| 20:55 | Boots of Speed |
| 20:57 | Periapt of Vitality |
| 21:30 | Brilliance Aura |
| 21:30 | Bash |
| 21:45 | Holy Light |
| Right click | 1737 |
| Select | 615 |
| Select group | 298 |
| Chat | 176 |
| Build/train/purchase | 146 |
| Use ability | 70 |
| Misc. action | 52 |
| Resource trade | 23 |
| Assign group | 22 |
| Item give/drop | 12 |
| Minimap ping | 7 |
| Remove unit | 3 |


| Healing Salve | 4 | 400 |
| Orb of Lightning | 2 | 750 |
| Boots of Speed | 2 | 500 |
| Staff of Teleportation | 1 | 150 |
| total: | 9 | 1800g |
| Peon | 12 | 900 | / | 0 |
| Troll Batrider | 14 | 2240 | / | 560 |
| Goblin Shredder | 1 | 375 | / | 100 |
| total: | 27 | 3515g | / | 660w |
| Watch Tower | 33 | 3630 | / | 2640 |
| Altar of Storms | 1 | 180 | / | 50 |
| Orc Burrow | 3 | 480 | / | 120 |
| War Mill | 1 | 205 | / | 0 |
| Voodoo Lounge | 1 | 130 | / | 30 |
| Great Hall | 4 | 1540 | / | 740 |
| Beastiary | 5 | 725 | / | 700 |
| Stronghold | 1 | 315 | / | 190 |
| Fortress | 1 | 325 | / | 190 |
| total: | 48 | 6890g | / | 4280w |
| 0:02 | Peon |
| 0:02 | Peon |
| 0:05 | Altar of Storms |
| 0:18 | Orc Burrow |
| 0:26 | Peon |
| 0:41 | Peon |
| 0:48 | War Mill |
| 0:54 | Peon |
| 1:05 | Voodoo Lounge |
| 1:13 | Peon |
| 1:21 | Peon |
| 1:28 | Peon |
| 1:47 | Orc Burrow |
| 2:01 | Watch Tower |
| 2:07 | Wind Walk |
| 2:08 | Healing Salve |
| 2:14 | Peon |
| 2:25 | Watch Tower |
| 3:10 | Peon |
| 3:11 | Peon |
| 3:12 | Watch Tower |
| 3:47 | Stronghold |
| 3:50 | Watch Tower |
| 4:02 | Watch Tower |
| 4:05 | Watch Tower |
| 4:07 | Watch Tower |
| 4:43 | Orc Burrow |
| 5:29 | Watch Tower |
| 6:17 | Beastiary |
| 6:19 | Critical Strike |
| 6:36 | Reinforced Defenses |
| 6:38 | Watch Tower |
| 6:53 | Beastiary |
| 6:57 | Peon |
| 7:02 | Watch Tower |
| 7:05 | Watch Tower |
| 7:14 | Hex |
| 7:20 | Healing Salve |
| 7:39 | Goblin Shredder |
| 8:25 | Fortress |
| 8:26 | Troll Batrider |
| 8:39 | Watch Tower |
| 8:43 | Watch Tower |
| 9:41 | Troll Batrider |
| 9:56 | Healing Wave |
| 10:00 | Great Hall |
| 10:01 | Watch Tower |
| 10:03 | Wind Walk |
| 10:08 | Troll Batrider |
| 10:14 | Watch Tower |
| 10:20 | Watch Tower |
| 10:33 | Watch Tower |
| 10:47 | Liquid Fire |
| 10:50 | Beastiary |
| 11:07 | Watch Tower |
| 11:19 | Healing Salve |
| 11:28 | Watch Tower |
| 11:30 | Watch Tower |
| 11:41 | Watch Tower |
| 12:09 | Watch Tower |
| 12:32 | Watch Tower |
| 12:42 | Troll Batrider |
| 12:47 | Watch Tower |
| 12:52 | Watch Tower |
| 13:12 | Watch Tower |
| 13:48 | Troll Batrider |
| 14:04 | Troll Batrider |
| 14:23 | Orb of Lightning |
| 14:29 | Great Hall |
| 14:34 | Great Hall |
| 14:39 | Watch Tower |
| 15:04 | Healing Salve |
| 15:23 | Watch Tower |
| 15:26 | Steel Ranged Weapons |
| 15:26 | Steel Armor |
| 15:26 | Spiked Barricades |
| 15:58 | Watch Tower |
| 16:00 | Healing Wave |
| 16:27 | Critical Strike |
| 16:28 | Troll Batrider |
| 16:31 | Watch Tower |
| 16:45 | Orb of Lightning |
| 17:39 | Watch Tower |
| 17:40 | Watch Tower |
| 18:00 | Troll Batrider |
| 18:14 | Watch Tower |
| 18:21 | Thorium Ranged Weapons |
| 18:21 | Thorium Armor |
| 18:46 | Boots of Speed |
| 18:55 | Boots of Speed |
| 18:56 | Staff of Teleportation |
| 19:15 | Troll Batrider |
| 19:28 | Troll Batrider |
| 20:12 | Troll Batrider |
| 20:28 | Troll Batrider |
| 20:41 | Great Hall |
| 20:44 | Improved Spiked Barricades |
| 21:33 | Hex |
| 21:50 | Troll Batrider |
| 21:52 | Arcanite Armor |
| 21:52 | Arcanite Ranged Weapons |
| 22:05 | Troll Batrider |
| 22:15 | Critical Strike |
| 22:23 | Beastiary |
| 22:25 | Beastiary |
| Right click | 1543 |
| Select group | 517 |
| Select | 412 |
| Chat | 213 |
| Misc. action | 125 |
| Build/train/purchase | 86 |
| Use ability | 64 |
| Assign group | 19 |
| Item give/drop | 5 |
| Esc | 2 |
| Minimap ping | 1 |


| Healing Salve | 6 | 600 |
| Lesser Clarity Potion | 8 | 560 |
| Orb of Lightning | 1 | 375 |
| Tiny Great Hall | 1 | 600 |
| Boots of Speed | 2 | 500 |
| Staff of Teleportation | 2 | 300 |
| total: | 20 | 2935g |
| Peon | 21 | 1575 | / | 0 |
| Troll Batrider | 12 | 1920 | / | 480 |
| total: | 33 | 3495g | / | 480w |
| Watch Tower | 42 | 4620 | / | 3360 |
| Altar of Storms | 1 | 180 | / | 50 |
| Orc Burrow | 3 | 480 | / | 120 |
| Voodoo Lounge | 3 | 390 | / | 90 |
| War Mill | 1 | 205 | / | 0 |
| Beastiary | 1 | 145 | / | 140 |
| Stronghold | 2 | 630 | / | 380 |
| Fortress | 1 | 325 | / | 190 |
| total: | 51 | 6020g | / | 3760w |
| 0:01 | Peon |
| 0:04 | Altar of Storms |
| 0:06 | Peon |
| 0:17 | Orc Burrow |
| 0:23 | Peon |
| 0:36 | Peon |
| 0:48 | Voodoo Lounge |
| 0:50 | Peon |
| 1:11 | War Mill |
| 1:18 | Peon |
| 1:22 | Peon |
| 1:29 | Peon |
| 1:37 | Peon |
| 1:53 | Peon |
| 2:06 | War Stomp |
| 2:27 | Watch Tower |
| 2:29 | Peon |
| 2:31 | Watch Tower |
| 2:44 | Stronghold |
| 3:16 | Spiked Barricades |
| 3:20 | Orc Burrow |
| 4:33 | Watch Tower |
| 4:34 | Watch Tower |
| 4:54 | Watch Tower |
| 5:23 | Peon |
| 5:23 | Peon |
| 5:50 | Endurance Aura |
| 5:52 | Healing Salve |
| 5:54 | Lesser Clarity Potion |
| 6:13 | Fortress |
| 6:18 | Hex |
| 7:07 | Watch Tower |
| 7:07 | Watch Tower |
| 7:12 | Healing Salve |
| 7:13 | Lesser Clarity Potion |
| 7:17 | Lesser Clarity Potion |
| 7:18 | Healing Salve |
| 7:24 | Reinforced Defenses |
| 7:47 | Watch Tower |
| 7:48 | Watch Tower |
| 8:46 | Lesser Clarity Potion |
| 8:46 | Orb of Lightning |
| 8:52 | Improved Spiked Barricades |
| 9:05 | Tiny Great Hall |
| 9:31 | Watch Tower |
| 9:33 | Watch Tower |
| 9:34 | Watch Tower |
| 9:44 | Beastiary |
| 10:13 | Healing Wave |
| 10:24 | Peon |
| 10:24 | Peon |
| 10:32 | Watch Tower |
| 10:35 | Watch Tower |
| 10:37 | Watch Tower |
| 10:41 | Healing Salve |
| 10:46 | Lesser Clarity Potion |
| 11:09 | Troll Batrider |
| 11:13 | Peon |
| 11:13 | Peon |
| 11:13 | Peon |
| 11:13 | Peon |
| 11:14 | Peon |
| 11:17 | Watch Tower |
| 11:18 | Watch Tower |
| 11:50 | Watch Tower |
| 11:51 | Watch Tower |
| 12:04 | Watch Tower |
| 12:08 | Watch Tower |
| 12:20 | War Stomp |
| 13:08 | Voodoo Lounge |
| 13:09 | Voodoo Lounge |
| 13:12 | Watch Tower |
| 13:13 | Watch Tower |
| 13:13 | Watch Tower |
| 13:16 | Troll Batrider |
| 13:17 | Steel Ranged Weapons |
| 13:18 | Steel Armor |
| 13:35 | Watch Tower |
| 13:35 | Watch Tower |
| 13:52 | Boots of Speed |
| 13:52 | Staff of Teleportation |
| 13:54 | Boots of Speed |
| 14:23 | Watch Tower |
| 14:24 | Troll Batrider |
| 14:24 | Troll Batrider |
| 14:38 | Troll Batrider |
| 14:48 | Watch Tower |
| 14:48 | Watch Tower |
| 15:11 | Orc Burrow |
| 15:30 | Hex |
| 16:09 | Troll Batrider |
| 16:20 | Troll Batrider |
| 16:25 | Watch Tower |
| 16:25 | Watch Tower |
| 16:29 | Peon |
| 16:50 | Staff of Teleportation |
| 17:24 | Endurance Aura |
| 17:54 | Watch Tower |
| 17:55 | Watch Tower |
| 17:56 | Troll Batrider |
| 18:09 | Thorium Armor |
| 18:09 | Thorium Ranged Weapons |
| 18:16 | Lesser Clarity Potion |
| 18:18 | Healing Salve |
| 18:24 | Lesser Clarity Potion |
| 18:33 | Watch Tower |
| 18:34 | Troll Batrider |
| 19:20 | Healing Salve |
| 19:23 | Lesser Clarity Potion |
| 19:41 | Watch Tower |
| 19:42 | Watch Tower |
| 20:36 | Healing Wave |
| 20:49 | War Stomp |
| 20:51 | Troll Batrider |
| 20:51 | Troll Batrider |
| 21:10 | Watch Tower |
| 21:11 | Watch Tower |
| 21:12 | Watch Tower |
| 21:12 | Watch Tower |
| 21:14 | Watch Tower |
| 21:15 | Watch Tower |
| 21:23 | Troll Batrider |
| Right click | 1345 |
| Select group | 771 |
| Assign group | 453 |
| Select | 328 |
| Chat | 218 |
| Build/train/purchase | 145 |
| Use ability | 82 |
| Misc. action | 41 |
| Item give/drop | 6 |
| Remove unit | 1 |
⇛